 Dungeon Crawl Stone Soup version 0.30.1-11-g7821555f0a (webtiles) character file.

Game seed: 7223889577354812968

10895 pkoi the Grappler (level 11, -4/92 HPs)
             Began as a White Draconian Monk on Oct 30, 2023.
             Was an Initiate of Gozag.
             Slain by a bone dragon (14 damage)
             ... on level 1 of the Abyss.
             The game lasted 00:14:49 (10181 turns).

pkoi the Grappler (White Draconian Monk)           Turns: 10181, Time: 00:14:49

Health: -4/92      AC: 10    Str: 15    XL:     11   Next: 42%
Magic:  15/15      EV: 15    Int: 14    God:    Gozag
Gold:   1741       SH:  0    Dex: 13    Spells: 14/16 levels left

rFire   . .          .
                       - Unarmed
rCold   + + +        (no shield)
rNeg    . . .        (body armour unavailable)
rPois   +            (helmet restricted)
rElec   .            (no cloak)
rCorr   +            h - +0 pair of gloves
SInv    .            G - +1 pair of boots
Will    .....        (no amulet)
Stlth   ++           f - ring of poison resistance
HPRegen 0.35/turn    C - ring "Vesul" {rC++ rCorr}
MPRegen 0.14/turn

%: no passive effects
@: gold aura
A: breathe frost, AC +7, unfitting armour, cold resistance 1, cold-blooded
a: Breathe Frost, Renounce Religion, Potion Petition, Call Merchant, Bribe
Branch


You were on level 1 of the Abyss.
You worshipped Gozag.
Gozag was most pleased with you.
You visited 2 branches of the dungeon, and saw 10 of its levels.
You visited the Abyss 1 time.
You also visited: Sewer.

You collected 1741 gold pieces.

Inventory:

Hand Weapons
 k - a +5 hand axe
 m - a +3 dagger
 z - a +2 short sword of electrocution
Missiles
 j - 2 curare-tipped darts (quivered)
 F - 3 throwing nets
Armour
 b - an orb of light
 h - a +0 pair of gloves (worn)
 G - a +1 pair of boots (worn)
Jewellery
 f - a ring of poison resistance (left hand)
 n - a ring of positive energy
 C - the ring "Vesul" (right hand) {rC++ rCorr}
   (You found it on level 8 of the Dungeon)

   [ring of resist corrosion]

   rC:        It greatly protects you from cold.
   rCorr:     It protects you from acid and corrosion.
Wands
 p - a wand of quicksilver (10)
 q - a wand of roots (20)
Scrolls
 d - 3 scrolls of magic mapping
 e - 3 scrolls of butterflies
 i - a scroll of identify
 r - a scroll of enchant weapon
 s - a scroll of poison
 u - a scroll of enchant armour
 y - 3 scrolls of teleportation
 A - a scroll of brand weapon {unknown}
 D - a scroll of amnesia {unknown}
 E - a scroll of blinking {unknown}
Potions
 a - 2 potions of ambrosia
 c - 2 potions of cancellation
 g - 3 potions of might
 l - 2 potions of curing {unknown}
 o - a potion of lignification {unknown}
 t - a potion of flight {unknown}
 v - a potion of attraction {unknown}
 w - 3 potions of mutation {unknown}
 x - a potion of degeneration {unknown}
 B - a potion of berserk rage {unknown}


   Skills:
 + Level 7.5 Fighting
 + Level 7.1 Dodging
 + Level 3.7 Stealth
 + Level 14.5 Unarmed Combat
 - Level 3.0 Spellcasting
 - Level 6.0 Translocations
 - Level 3.0 Evocations


You had 14 spell levels left.
You knew the following spells:

 Your Spells              Type           Power      Damage    Failure   Level
a - Blink                 Tloc           36%        N/A       2%          2

Your spell library contained the following spells:

 Spells                   Type           Power      Damage    Failure   Level
 Lesser Beckoning         Tloc           36%        N/A       2%          2
 Momentum Strike          Conj/Tloc      20%        3d8       10%         2
 Summon Forest            Summ/Tloc      5%         N/A       86%         5
 Summon Mana Viper        Hex/Summ       2%         N/A       99%         5
 Summon Cactus Giant      Summ           1%         N/A       100%        6


Dungeon Overview and Level Annotations

Branches:
Dungeon (9/15)             Temple (1/1) D:7             Orc (0/2) D:9
  Sewer (visited)
   Lair: D:8-11

Altars:
Ashenzari
Cheibriados
Dithmenos
Elyvilon
Fedhas
Gozag
Hepliaklqana
Kikubaaqudgha
Makhleb
Nemelex Xobeh
Okawaru
Qazlal
Ru
Sif Muna
Trog
Uskayaw
Vehumet
Wu Jian
Xom
Yredelemnul
The Shining One

Shops:
D:4 (

Annotations:
D:9 Erolcha


Innate Abilities, Weirdness & Mutations

You can breathe waves of freezing cold which knock back foes.
Your icy white scales are hard. (AC +7)
You cannot fit into any form of body armour.
Your flesh is cold resistant. (rC+)
You are cold-blooded and may be slowed by cold attacks.


Message History

You barely miss the ufetubus. The ufetubus completely misses you.
The ufetubus barely misses you.
You hit the ufetubus.
Your tail-slap misses the ufetubus.
The ufetubus is moderately wounded.
The ufetubus completely misses you. The ufetubus hits you.
You hit the ufetubus.
The ufetubus is almost dead.
The ufetubus hits you but does no damage. x2
You punch the ufetubus!
You kill the ufetubus!
The bone dragon is distracted by your dazzling golden aura.
You hit the bone dragon but do no damage.
The bone dragon is no longer distracted by gold.
You hit the bone dragon but do no damage.
You punch the bone dragon.
The bone dragon is lightly damaged.
The bone dragon barely misses you. The bone dragon claws you!
The bone dragon tramples you.
You hold your ground!
You punch the bone dragon!
The bone dragon is lightly damaged.
The bone dragon barely misses you. The bone dragon claws you.
The bone dragon tramples you but does no damage.
You barely miss the bone dragon.
The bone dragon is lightly damaged.
The bone dragon bites you but does no damage.
The bone dragon barely misses you. The bone dragon tramples you.
You hold your ground!
You barely miss the bone dragon.
You tail-slap the bone dragon, but do no damage.
The bone dragon is lightly damaged.
You hit the bone dragon but do no damage.
Your punch misses the bone dragon.
The bone dragon is lightly damaged.
The bone dragon bites you!!
* * * LOW HITPOINT WARNING * * *
The bone dragon claws you!
* * * LOW HITPOINT WARNING * * *
The bone dragon tramples you!
You die...
Your body crumbles into a pile of gold.

.. .# ..##.
..#.## .....
# ##... .#
#.#..##.#
#....$D#
#.@# # #
##.#.# # .
##...#
#...## ##.#.
# . #
##..#..##...
# # ###.##.
... . ... .
### #..... .
# # ..## #.


You could see a bone dragon.

Vanquished Creatures
  Harold (D:9)
  Erica (D:9)
  Amaemon (D:8)
  A sixfirhy (Abyss:1)
  An orange demon (D:8)
  A smoke demon (Abyss:1)
  3 slime creatures (D:9)
  A wyvern (D:9)
  14 yaks
  4 steam dragons
  An acid dragon (D:9)
  4 orc warriors
  5 ice beasts
  Pargi (Sewer)
  A sky beast (D:8)
  2 black bears
  3 ogres
  4 centaurs
  A phantom (D:4)
  6 bullfrogs
  2 gnoll sergeants
  3 scorpions
  7 wights
  6 killer bees (D:9)
  2 hounds
  2 jellies
  7 orc priests
  2 gnoll boudas
  2 sleepcaps
  3 iguanas (D:5)
  8 orc wizards
  Natasha (thrice) (D:3)
  Robin (D:3)
  15 gnolls
  10 adders
  An ufetubus (Abyss:1)
  4 dart slugs
  50 orcs
  6 ball pythons
  5 bats
  12 endoplasms
  2 giant cockroaches
  15 goblins
  8 hobgoblins
  3 jackals (D:2)
  3 quokkas
  2 frilled lizards
  10 kobolds
  4 rats
254 creatures vanquished.

Vanquished Creatures (others)
  A wight (D:9)
1 creature vanquished.

Grand Total: 255 creatures vanquished

Notes
Turn   | Place    | Note
-------+----------+-------------------------------------------
     0 | D:1      | pkoi the Draconian Monk began the quest for the Orb.
     0 | D:1      | Reached XP level 1. HP: 19/19 MP: 1/1
   127 | D:1      | Reached XP level 2. HP: 23/26 MP: 2/2
   280 | D:1      | Reached skill level 4 in Unarmed Combat
   777 | D:2      | Reached XP level 3. HP: 30/31 MP: 3/3
  1082 | D:2      | Reached skill level 5 in Unarmed Combat
  1082 | D:2      | Reached XP level 4. HP: 38/38 MP: 4/4
  1214 | D:2      | Found a snail-covered altar of Cheibriados.
  1341 | D:3      | Noticed Robin
  1554 | D:3      | Reached XP level 5. HP: 45/45 MP: 5/5
  1616 | D:3      | Killed Robin
  1631 | D:3      | Reached skill level 6 in Unarmed Combat
  1650 | D:3      | Noticed Natasha
  1661 | D:3      | Killed Natasha
  1783 | D:3      | Noticed Natasha
  1789 | D:3      | Killed Natasha
  1833 | D:3      | Noticed Natasha
  1843 | D:3      | Killed Natasha
  1982 | D:3      | Learned a level 2 spell: Blink
  2042 | D:3      | Found a faded altar of an unknown god.
  2142 | D:4      | Noticed an ogre
  2150 | D:4      | Killed an ogre
  2151 | D:4      | Reached XP level 6. HP: 25/51 MP: 6/6
  2420 | D:4      | Reached skill level 1 in Spellcasting
  2420 | D:4      | Reached skill level 1 in Translocations
  2707 | D:4      | Reached skill level 13 in Unarmed Combat
  2707 | D:4      | Your scales start taking on an icy white colour.
  2707 | D:4      | Reached XP level 7. HP: 58/58 MP: 8/8
  2707 | D:4      | Gained mutation: Your flesh is cold resistant. (rC+) [White
                  | Draconian growth]
  3030 | D:4      | Found Unuij's Weapon Boutique.
  3596 | D:5      | Entered Level 5 of the Dungeon
  3616 | D:5      | Reached XP level 8. HP: 66/66 MP: 9/9
  3766 | D:5      | Found an opulent altar of Gozag.
  3778 | D:5      | Found an ancient bone altar of Kikubaaqudgha.
  3809 | D:5      | Became a worshipper of Gozag Ym Sagoz the Greedy
  4044 | D:5      | Reached skill level 1 in Evocations
  4545 | D:6      | Reached XP level 9. HP: 72/72 MP: 12/12
  4643 | D:6      | Found a glowing drain.
  4654 | Sewer    | Entered a sewer
  4790 | Sewer    | Noticed Pargi
  4795 | Sewer    | Killed Pargi
  5439 | D:7      | Reached skill level 5 in Fighting
  5589 | D:7      | Identified the +8 trident "Blob" {holy, rF+ Will- MP-9
                  | Int+4}
  5804 | D:7      | Found a staircase to the Ecumenical Temple.
  5814 | Temple   | Entered the Ecumenical Temple
  6199 | D:8      | Noticed Amaemon
  6199 | D:8      | Noticed an orange demon
  6214 | D:8      | Killed Amaemon
  6215 | D:8      | Reached XP level 10. HP: 41/83 MP: 14/14
  6476 | D:7      | Reached skill level 5 in Dodging
  6746 | D:8      | Reached skill level 5 in Translocations
  6817 | D:8      | Killed an orange demon
  7187 | D:8      | Found a shimmering blue altar of Sif Muna.
  7431 | D:8      | Identified the ring "Vesul" {rC++ rCorr}
  7831 | D:9      | Reached skill level 14 in Unarmed Combat
  7920 | D:9      | Found a staircase to the Orcish Mines.
  7922 | D:9      | Reached skill level 1 in Stealth
  8508 | D:9      | Found a hazy altar of Hepliaklqana.
  8754 | D:9      | Noticed Erica
  8766 | D:9      | Killed Erica
  8767 | D:9      | Reached XP level 11. HP: 80/91 MP: 15/15
  8905 | D:9      | Noticed Harold
  8922 | D:9      | Killed Harold
  9132 | D:9      | Paralysed by an orc warrior for 2 turns
 10028 | D:9      | Noticed Erolcha
 10033 | Abyss:1  | Cast into level 1 of the Abyss (Erolcha)
 10107 | Abyss:1  | Noticed a sixfirhy
 10119 | Abyss:1  | Killed a sixfirhy
 10171 | Abyss:1  | Noticed a bone dragon
 10181 | Abyss:1  | Slain by a bone dragon

Illustrated notes

Levels and vault maps discovered:
D:1:      spicycebolla_green_bress_n_ham, layout_basic, minmay_misc_feat_doors
D:2:      layout_rooms, basic_altar, kennysheep_generic_room_15
D:3:      layout_rooms, hellmonk_ecumenical_altar_blasted, uniq_natasha,
          uniq_robin
D:4:      minmay_chambers_of_fours, layout_basic, serial_shops, shop,
          minmay_crystal_water
D:5:      layout_cave_pools, mainiacjoe_overflow_big_doors,
          minmay_increasing_density
D:6:      layout_gridville, portal_sewer_entry_d
D:7:      layout_cave_pools, minmay_temple_entry_poolview
D:8:      layout_loops_corners, lemuel_doored_altar, uniq_amaemon
D:9:      layout_irregular_city, nicolae_hepliaklqana_hazy_memory,
          hiddenorc2_lemuel, uniq_harold, uniq_erolcha, uniq_erica
Temple:   bh_familiar_temple
Abyss:1:  base: D:3, minivault_1

Skill      XL: |  1  2  3  4  5  6  7  8  9 10 11 |
---------------+----------------------------------+-----
Unarmed Combat | 4 5 6 13 14 | 14.5
Dodging        | 3 4 6 7 |  7.1
Spellcasting   | 1 2 3 |  3.0
Translocations | 1 2 4 6 |  6.0
Fighting       | 4 6 7 |  7.5
Evocations     | 1 3 |  3.0
Stealth        | 2 3 |  3.7

Action                     |  1- 3 |  4- 6 |  7- 9 | 10-12 || total
---------------------------+-------+-------+-------+-------++-------
  Melee: Unarmed           |    93 |   122 |   234 |   370 ||   819
         Tailslap          |    15 |    17 |    47 |    60 ||   139
         Punch             |       |       |       |     1 ||     1
  Throw: Dart              |       |     1 |       |     1 ||     2
Ability: Breathe Frost     |       |       |     4 |     2 ||     6
  Evoke: Wand              |       |       |       |     3 ||     3
    Use: Scroll            |     3 |     3 |     3 |     3 ||    12
         Potion            |       |     1 |     1 |       ||     2
   Stab: Distracted        |       |       |       |     1 ||     1
 Armour: Skin              |    35 |    40 |    73 |    98 ||   246
  Dodge: Dodged            |    61 |    47 |   141 |   212 ||   461
